AoeStats
← Nopec

Highland

506175955Analyzed
4v4 RM · 20d ago on Sep 12, 2026· 51m 6s· 8 players
Game mode
Random Map
Map size
Large (8 player)
Population
200
Speed
Normal
Resources
Standard
Victory
Conquest
Starting age
Dark Age
Ending age
Imperial Age
RankedLock teamsTeams togetherTeam positionsShared explorationLock speedFull tech treeHidden civsTurbo modeCheats
Victory
Defeat
🇫🇷 Goths · France
694
+18
🇫🇷 Franks · France
691
+19
🇫🇷 Bulgarians · France
680
+19
🇨🇦 Byzantines · Canada
610
+22
🇮🇳 Burmese · India
794
-21
🇩🇪 Turks · Germany
774
-21
🇧🇬 Khmer · Bulgaria
747
-24
🇦🇷 Cumans · Argentina
668
-16
kriber
0:53 Loom
19:42 Feudal Age
21:22 Double-Bit Axe
26:21 Horse Collar
30:17 Castle Age
28:35 Gold Mining
28:37 Stone Mining
29:13 Bloodlines
29:25 Scale Barding Armor
29:31 Forging
29:22 Scale Mail Armor
32:44 Heavy Plow
32:59 Bow Saw
33:57 Gold Shaft Mining
33:58 Stone Shaft Mining
33:49 Murder Holes
34:10 Caravan
35:27 Wheelbarrow
35:33 Iron Casting
35:18 Chain Barding Armor
35:16 Chain Mail Armor
38:00 Town Watch
41:05 Imperial Age
41:20 Imperial Age
39:55 Stirrups
40:17 Fishing Lines
40:27 Fishing Lines
41:53 Town Watch
44:11 Gillnets
44:42 Elite Konnik
DarkMatrix
1:35 Loom
11:43 Feudal Age
11:48 Feudal Age
13:54 Double-Bit Axe
14:30 Gold Mining
17:08 Horse Collar
18:54 Wheelbarrow
22:12 Castle Age
22:56 Forging
22:47 Scale Mail Armor
22:13 Man-at-Arms
23:26 Bow Saw
23:19 Heavy Plow
25:11 Iron Casting
24:41 Stone Mining
24:23 Pikeman
25:19 Squires
26:56 Scale Barding Armor
29:35 Stone Shaft Mining
29:18 Chain Mail Armor
30:14 Hand Cart
31:54 Town Watch
36:10 Imperial Age
35:25 Fervor
35:30 Fletching
36:42 Caravan
37:31 Crop Rotation
38:02 Two-Man Saw
38:52 Anarchy
39:57 Blast Furnace
39:11 Masonry
39:27 Halberdier
40:53 Bodkin Arrow
42:54 Conscription
42:21 Elite Huskarl
44:38 Perfusion
45:57 Sappers
chens_pancake
0:28 Loom
12:36 Feudal Age
16:55 Gold Mining
18:13 Town Watch
21:08 Castle Age
20:40 Double-Bit Axe
20:49 Stone Mining
23:50 Bow Saw
25:47 Caravan
28:11 Wheelbarrow
30:29 Hand Cart
32:21 Fervor
35:23 Imperial Age
32:59 Town Patrol
34:03 Fortified Wall
34:04 Masonry
38:45 Coinage
38:49 Scale Barding Armor
38:55 Forging
38:36 Fletching
38:36 Cavalier
38:39 Light Cavalry
39:21 Husbandry
39:44 Chain Barding Armor
40:25 Paladin
41:44 Plate Barding Armor
41:46 Iron Casting
41:07 Bodkin Arrow
42:42 Chivalry
43:03 Conscription
43:19 Hoardings
50:11 Chemistry
49:18 Siege Engineers
49:44 Architecture
49:10 Murder Holes
49:36 Ballistics
chatonbrutal
6:38 Loom
14:36 Feudal Age
21:22 Castle Age
19:11 Double-Bit Axe
19:09 Horse Collar
23:30 Bow Saw
30:01 Fervor
35:10 Imperial Age
32:50 Heavy Plow
34:45 Stone Mining
34:45 Gold Mining
36:58 Chemistry
36:18 Ballistics
35:39 Treadmill Crane
37:07 Wheelbarrow
37:12 Padded Archer Armor
37:03 Fletching
39:30 Crop Rotation
40:03 Two-Man Saw
40:13 Redemption
40:05 Devotion
40:25 Thumb Ring
39:41 Elite Skirmisher
42:05 Hand Cart
45:02 Coinage
44:33 Caravan
44:44 Guilds
44:23 Crossbowman
44:30 Pikeman
45:11 Squires
45:34 Arson
45:35 Gambesons
49:28 Banking
50:42 Arrowslits
51:08 Fortified Wall
50:53 Murder Holes
52:00 Stone Shaft Mining
52:00 Gold Shaft Mining
51:30 Scale Mail Armor
51:40 Forging
51:46 Leather Archer Armor
51:26 Bodkin Arrow
Nopec
8:39 Loom
11:39 Feudal Age
18:39 Castle Age
17:27 Stone Mining
17:27 Gold Mining
17:48 Scale Barding Armor
18:07 Double-Bit Axe
18:30 Horse Collar
21:08 Heavy Plow
23:01 Town Watch
27:01 Wheelbarrow
27:59 Fletching
28:10 Padded Archer Armor
29:51 Hand Cart
29:51 Forging
30:53 Gold Shaft Mining
34:41 Imperial Age
33:42 Town Patrol
34:19 Ballistics
33:54 Murder Holes
35:58 Bow Saw
36:20 Elite Janissary
37:21 Conscription
37:18 Artillery
37:35 Caravan
39:00 Bloodlines
38:51 Husbandry
39:31 Iron Casting
41:48 Chain Barding Armor
42:32 Blast Furnace
43:13 Plate Barding Armor
42:57 Leather Archer Armor
43:07 Masonry
42:37 Treadmill Crane
43:18 Bombard Tower
44:10 Heavy Camel Rider
48:57 Fortified Wall
49:17 Architecture
IskoB
13:01 Feudal Age
13:20 Loom
15:44 Castle Age
14:33 Stone Mining
17:07 Horse Collar
23:09 Heavy Plow
24:56 Double-Bit Axe
26:53 Wheelbarrow
26:55 Gold Mining
27:35 Town Watch
27:44 Town Watch
30:21 Hand Cart
33:10 Imperial Age
31:47 Bow Saw
31:58 Husbandry
32:12 Bloodlines
33:11 Forging
33:07 Scale Mail Armor
33:19 Forging
33:15 Scale Barding Armor
34:49 Iron Casting
34:44 Conscription
35:36 Crop Rotation
35:20 Tusk Swords
38:39 Elite Ballista Elephant
41:13 Blast Furnace
40:34 Chain Barding Armor
42:24 Gold Shaft Mining
43:47 Town Patrol
45:31 Plate Barding Armor
chadengienjoyer
5:24 Loom
11:04 Feudal Age
11:12 Man-at-Arms
19:23 Castle Age
22:16 Wheelbarrow
31:11 Hand Cart
38:20 Imperial Age
35:14 Long Swordsman
35:38 Pikeman
38:11 Caravan
38:33 Squires
38:24 Two-Handed Swordsman
38:40 Capped Ram
39:13 Halberdier
40:06 Horse Collar
40:52 Forging
44:06 Chemistry
43:58 Iron Casting
43:14 Champion
46:32 Gambesons
46:38 Arson
47:47 Town Watch
Valeentor
0:38 Loom
12:59 Feudal Age
13:29 Double-Bit Axe
13:28 Horse Collar
19:17 Wheelbarrow
24:53 Castle Age
25:10 Padded Archer Armor
25:02 Fletching
25:02 Town Watch
27:52 Hand Cart
27:53 Bow Saw
29:01 Stone Mining
29:02 Gold Mining
29:30 Leather Archer Armor
30:21 Murder Holes
30:47 Ballistics
30:38 Masonry
31:13 Bloodlines
33:11 Gold Shaft Mining
34:52 Steppe Husbandry
35:10 Thumb Ring
34:26 Crossbowman
36:15 Heavy Plow
38:48 Imperial Age
36:22 Town Patrol
36:29 Bodkin Arrow
37:08 Caravan
40:09 Conscription
40:43 Parthian Tactics
41:17 Crop Rotation
41:49 Two-Man Saw
41:31 Guilds
42:52 Medium Warships
42:03 Demolition Ship
43:33 Ring Archer Armor
43:14 Forging
43:09 Scale Barding Armor
42:42 Heavy Cavalry Archer
46:48 Cavalier
48:06 Paladin
50:08 Iron Casting
49:53 Chain Barding Armor
Connection lost

Rejoining the realm…

Still unreachable

The connection could not be restored.

Session expired

The server has moved on; the page needs a fresh start.